 Dungeon Crawl Stone Soup version 0.21-a0-513-gdcb3f5e (webtiles) character file.

687 esteth the Chiller (level 7, -9/50 HPs)
             Began as a Merfolk Ice Elementalist on Dec 1, 2017.
             Shot with an arrow by a centaur (10 damage)
             ... on level 6 of the Dungeon.
             The game lasted 00:14:54 (8122 turns).

esteth the Chiller (Merfolk Ice Elementalist)       Turns: 8122, Time: 00:14:56

Health: -9/50      AC:  4    Str:  8    XL:     7   Next: 62%
Magic:  13/13      EV: 13    Int: 17    God:
Gold:   188        SH:  0    Dex: 14    Spells: 6/14 levels left

rFire    . . .     SeeInvis .   x - +0 spear
rCold    . . .     Gourm    .   (no shield)
rNeg     . . .     Faith    .   u - +0 leather armour
rPois    .         Spirit   .   (no helmet)
rElec    .         Reflect  .   (no cloak)
rCorr    .         Harm     .   o - +0 pair of gloves
MR       .....                  (no boots)
Stlth    ++........             (no amulet)
HPRegen  0.16/turn              (no ring)
MPRegen  0.13/turn              (no ring)

@: no status effects
A: change form in water, swift swim, stealthy swim
a: no special abilities


You were on level 6 of the Dungeon.
You were not hungry.

You visited 1 branch of the dungeon, and saw 6 of its levels.

You collected 188 gold pieces.

Inventory:

Hand Weapons
 e - a +1 dagger of venom
 x - a +0 spear (weapon)
Armour
 a - a +0 robe
 o - a +0 pair of gloves (worn)
 u - a +0 leather armour (worn)
Jewellery
 j - an uncursed amulet of faith
Wands
 q - a wand of flame (35)
 v - a wand of acid (7)
Scrolls
 g - 8 scrolls of identify
 h - 2 scrolls of enchant armour {unknown}
 i - a scroll of magic mapping {unknown}
 l - 8 scrolls of remove curse {unknown}
 n - a scroll of teleportation {unknown}
Potions
 d - a potion of lignification {unknown}
 k - 2 potions of brilliance {unknown}
 m - a potion of ambrosia {unknown}
 p - a potion of curing {unknown}
 s - 2 potions of haste {unknown}
 t - a potion of flight {unknown}
Books
 b - a book of Frost

   Spells                             Type                      Level
   a - Freeze                         Ice                          1
   b - Throw Frost                    Conjuration/Ice              2
   c - Ozocubu's Armour               Charms/Ice                   3
   d - Throw Icicle                   Conjuration/Ice              4
   e - Summon Ice Beast               Ice/Summoning                4
 r - a book of Cantrips

   Spells                             Type                      Level
   a - Confusing Touch                Hexes                        1
   b - Animate Skeleton               Necromancy                   1
   c - Summon Small Mammal            Summoning                    1
   d - Apportation                    Translocation                1
Comestibles
 c - 3 bread rations
 f - 6 meat rations
 w - a chunk of flesh


   Skills:
 - Level 2.0 Fighting
 + Level 3.0 Polearms
 - Level 0.5 Armour
 - Level 3.8 Dodging
 - Level 2.1 Stealth
 - Level 4.3 Spellcasting
   Level 0.7 Conjurations
 + Level 2.0 Summonings
 + Level 6.4 Ice Magic


You had 6 spell levels left.
You knew the following spells:

 Your Spells              Type           Power        Failure   Level  Hunger
a - Freeze                Ice            ####         1%          1    None
b - Ozocubu's Armour      Chrm/Ice       ##......     17%         3    ###....
c - Summon Ice Beast      Ice/Summ       ###.....     36%         4    ####...


Dungeon Overview and Level Annotations

Branches:
Dungeon (6/15)
 Temple: D:4-7

Altars:
Fedhas
Makhleb
Trog
Zin

Annotations:
D:2 1 runed door, Sigmund
D:5 exclusion: downstairs
D:6 Grinder


Message History

You start resting.
Your icy armour starts to melt.
You start resting.
Your icy armour evaporates.
You start resting.
Some of the chunks of flesh in your inventory have rotted away.
A centaur comes into view.
A centaur is nearby!
The centaur shouts!
The centaur wields a shortbow.
The centaur shoots an arrow.
The arrow closely misses you.
The centaur shoots an arrow.
The arrow hits you!
* * * LOW HITPOINT WARNING * * *
You see here an arrow.
The centaur shoots an arrow.
The arrow closely misses you.
The centaur shoots an arrow.
The arrow hits you!
* * * LOW HITPOINT WARNING * * *
You see here 2 arrows.
The centaur shoots an arrow.
The arrow hits you!
You die...

..........#######
........c.'†..c.#
..........#####(#
.........!# #.#
..........# #.#
.########## #.#
#.# #(# #@# #.#
#.# #.# #.# #.#
.########.#
..........#
#.######..#


You could see a centaur.

Vanquished Creatures
  3 bullfrogs (D:6)
  A howler monkey (D:4)
  2 hounds
  An orc priest (D:4)
  3 orc wizards
  A bullfrog skeleton (D:4)
  2 iguanas
  Ijyb (D:5)
  2 worker ants
  A worker ant zombie (D:5)
  4 adders
  An ooze (D:3)
  3 worms
  4 dart slugs
  A leopard gecko (D:2)
  7 orcs
  3 ball pythons
  3 giant cockroaches
  5 goblins
  5 hobgoblins
  3 jackals (D:1)
  4 quokkas
  4 bats
  5 frilled lizards
  7 kobolds
  3 rats
  A fungus (D:2)
80 creatures vanquished.

Notes
Turn   | Place    | Note
-------+----------+-------------------------------------------
     0 | D:1      | esteth the Merfolk Ice Elementalist began the quest for the Orb.
     0 | D:1      | Reached XP level 1. HP: 13/13 MP: 3/3
   395 | D:1      | Reached XP level 2. HP: 11/20 MP: 0/5
  1044 | D:1      | Reached skill level 1 in Fighting
  1329 | D:2      | Reached XP level 3. HP: 16/26 MP: 0/6
  1883 | D:1      | Learned a level 3 spell: Ozocubu's Armour
  1963 | D:1      | Reached XP level 4. HP: 13/33 MP: 0/7
  2961 | D:2      | Reached skill level 4 in Ice Magic
  3122 | D:2      | Noticed Sigmund
  3132 | D:2      | Learned a level 4 spell: Summon Ice Beast
  3237 | D:2      | Found a runed door.
  3575 | D:3      | Found a glowing silver altar of Zin.
  3578 | D:3      | Found a bloodstained altar of Trog.
  3581 | D:3      | Found a burning altar of Makhleb.
  3589 | D:3      | Found a blossoming altar of Fedhas.
  4022 | D:4      | Reached XP level 5. HP: 28/38 MP: 3/9
  4378 | D:3      | Reached skill level 5 in Ice Magic
  4378 | D:3      | Reached XP level 6. HP: 16/44 MP: 1/11
  6194 | D:4      | Noticed a phantom
  6511 | D:5      | Entered Level 5 of the Dungeon
  6926 | D:5      | Noticed Ijyb
  6927 | D:5      | Paralysed by Ijyb for 3 turns
  6936 | D:5      | Paralysed by Ijyb for 3 turns
  6939 | D:5      | Killed Ijyb
  6939 | D:5      | Reached XP level 7. HP: 43/50 MP: 7/13
  7341 | D:6      | Noticed Grinder
  7740 | D:6      | Reached skill level 1 in Polearms
  7740 | D:6      | Reached skill level 6 in Ice Magic
  7749 | D:6      | Reached skill level 1 in Summonings
  8018 | D:6      | Found a blossoming altar of Fedhas.
  8121 | D:6      | HP: 1/50 [centaur/arrow (12)]
  8122 | D:6      | Shot with an arrow by a centaur

Vault maps used:
D:1:      grunt_arrival_crossed_arrows, kennysheep_pointless_box
D:2:      minitemple, uniq_crazy_yiuf_cottage, uniq_sigmund
D:3:      grunt_temple_overflow_cloverleaf, first_bread
D:5:      nrook_pool_corridor, hangedman_decor_riveting, uniq_ijyb
D:6:      overflow_temple_1_default, fedhas_altar_1, uniq_duvessa, uniq_grinder

Skill      XL: |  1  2  3  4  5  6  7 |
---------------+----------------------+-----
Dodging        | 3 |  3.8
Fighting       | 1 2 |  2.0
Ice Magic      | 4 5 6 |  6.4
Spellcasting   | 3 4 |  4.3
Polearms       | 3 |  3.0
Summonings     | 2 |  2.0
Armour         | |  0.5
Stealth        | |  2.1
Conjurations   | |  0.7

Action                   |  1- 3 |  4- 6 |  7- 9 || total
-------------------------+-------+-------+-------++-------
Melee: Club              |    77 |   117 |       ||   194
       Unarmed           |     4 |       |       ||     4
       Dagger            |       |   104 |       ||   104
       Spear             |       |       |    48 ||    48
 Cast: Freeze            |    30 |    84 |    21 ||   135
       Ozocubu's Armour  |     2 |     5 |     2 ||     9
  Use: Potion            |       |     3 |       ||     3
       Scroll            |       |     1 |       ||     1
 Stab: Sleeping          |     1 |     4 |       ||     5
  Eat: Chunk             |     3 |     7 |     5 ||    15
       Meat ration       |       |     1 |       ||     1
       Bread ration      |       |     1 |       ||     1
Armor: Robe              |    17 |    44 |       ||    61
       Leather armour    |       |    13 |     8 ||    21
Dodge: Dodged            |    81 |   196 |    32 ||   309

Table legend:
 A = Spawn XP
 B = Non-spawn XP
 C = Spawn XP percentage of total XP
 D = Spawn monster count
 E = Non-spawn monster count
 F = Spawn count percentage of total count
 G = Total turns spent on level
                    A         B        C        D         E        F      G
               +---------+---------+-------+---------+---------+-------+---------
         Total |       0 |     982 |   0.0 |       0 |      79 |   0.0 |  8122
               +---------+---------+-------+---------+---------+-------+---------
           D:1 |       0 |      31 |   0.0 |       0 |      15 |   0.0 |  1960
           D:2 |       0 |     100 |   0.0 |       0 |      26 |   0.0 |  1318
           D:3 |       0 |     210 |   0.0 |       0 |      16 |   0.0 |  1903
           D:4 |       0 |     221 |   0.0 |       0 |       9 |   0.0 |  1330
           D:5 |       0 |      65 |   0.0 |       0 |       7 |   0.0 |  1160
           D:6 |       0 |     355 |   0.0 |       0 |       6 |   0.0 |   451
               +---------+---------+-------+---------+---------+-------+---------
